Map: Central Protocol

Players

Anti

  • Race: Zerg Zerg
  • League: Platinum

Khumbu

  • Race: Zerg Zerg
  • League: Platinum

ImSoLewd

  • Race: Zerg Zerg
  • League: Silver

Schiehallion

  • Race: Zerg Zerg

VOD

Have the link to the VOD?

Description

Time

  • Played on: Dec. 6, 2015, 3:56 p.m.
  • Length: 19:11
Show
View Real Time Build Order
Export as new Build Order

Anti Zerg 

Build Orders: Pool First 

Get SALT Encoding   

  12  0:00  Drone  
  13  0:12  Overlord  
  13  0:17  Drone  
  14  0:30  Drone x2  
  14  0:34  Drone  
  17  0:46  Spawning Pool  
  16  0:50  Drone  
  17  1:12  Hatchery  
  17  1:16  Drone  
  17  1:19  Extractor  
  17  1:20  Drone  
  17  1:25  Drone  
  18  1:29  Overlord  
  18  1:42  Queen  
  18  1:45  Zergling x2  
  21  1:56  Drone  
  21  2:00  Overlord  
  22  2:10  Drone  
  23  2:17  Queen  
  23  2:19  Metabolic Boost  
  25  2:27  Queen  
  27  2:36  Drone x2  
  29  2:40  Drone x2  
  31  2:46  Drone  
  31  2:47  Drone  
  33  2:52  Zergling x4  
  33  2:55  Zergling x2  
  36  3:01  Zergling x4  
  38  3:11  Drone x2  
  39  3:21  Drone x4  
  39  3:23  Overlord  
  43  3:30  Lair  
  43  3:31  Drone  
  43  3:33  Overlord  
  45  3:41  Drone x2  
  45  3:44  Drone x2  
  45  3:48  Extractor  
  47  3:50  Drone  
  47  3:52  Drone x2, Extractor  
  49  3:56  Zergling x4  
  51  4:03  Drone  
  51  4:08  Zergling x2  
  51  4:21  Zergling x14  
  58  4:30  Drone  
  59  4:31  Overlord  
  59  4:47  Drone  
  59  4:48  Overlord x3  
  60  4:56  Infestation Pit  
  59  5:17  Spire, Extractor  
  59  5:18  Drone x3  
  59  5:19  Drone x3  
  63  5:22  Drone x2  
  65  5:38  Drone x5  
  70  5:44  Hatchery, Hive  
  69  5:50  Overlord x3, Pathogen Glands  
  65  6:28  Mutalisk x7  
  79  6:36  Mutalisk  
  81  6:42  Overseer  
  81  6:49  Drone x8  
  89  7:02  Mutalisk  
  89  7:03  Mutalisk  
  89  7:06  Drone  
  94  7:09  Drone x3, Extractor  
  94  7:10  Drone, Queen, Extractor  
  94  7:13  Mutalisk  
  100  7:17  Mutalisk  
  100  7:20  Zergling x8  
  106  7:28  Zerg Flyer Weapons Level 1  
  104  7:44  Mutalisk  
  106  7:56  Mutalisk  
  104  8:01  Mutalisk  
  106  8:10  Spore Crawler  
  106  8:12  Spore Crawler  
  104  8:15  Spore Crawler  
  104  8:16  Overlord x5  
  104  8:17  Overlord  
  104  8:19  Overseer  
  103  8:34  Mutalisk  
  103  8:35  Mutalisk x6  
  117  8:44  Mutalisk  
  117  8:48  Zergling x16  
  120  9:14  Mutalisk  
  120  9:15  Mutalisk x4  
  130  9:19  Mutalisk  
  132  9:29  Drone x10  
  142  9:34  Mutalisk x2  
  146  9:51  Zerg Flyer Weapons Level 2  
  146  9:52  Overlord x4  
  146  9:55  Hatchery  
  137  10:07  Mutalisk  
  137  10:08  Mutalisk x3  
  145  10:24  Mutalisk x2  
  149  10:29  Mutalisk  
  149  10:35  Mutalisk  
  153  10:46  Mutalisk x2  
  147  10:53  Mutalisk  
  125  11:01  Mutalisk  
  125  11:08  Mutalisk  
  125  11:09  Mutalisk  
  125  11:11  Zergling x20  
  129  11:12  Zergling x14  
  129  11:15  Mutalisk  
  147  11:21  Mutalisk  
  147  11:31  Mutalisk  
  137  11:35  Mutalisk  
  137  11:37  Drone  
  137  11:38  Drone x5  
  145  11:50  Mutalisk x2  
  145  12:10  Zerg Flyer Weapons Level 3  
  141  12:20  Mutalisk  
  138  12:33  Mutalisk x2  
  142  12:59  Mutalisk  
  142  13:03  Zergling x26  
  153  13:09  Mutalisk  
  153  13:10  Mutalisk  
  157  13:14  Zergling x6  
  160  13:21  Drone x3  
  157  13:33  Mutalisk  
  157  13:34  Mutalisk x2  
  161  13:46  Spore Crawler  
  161  13:47  Drone x8  
  154  13:57  Mutalisk  
  154  13:58  Mutalisk x2  
  158  14:05  Mutalisk  
  160  14:15  Mutalisk  
  100  14:24  Mutalisk  
  100  14:28  Zergling x8  
  100  14:29  Zergling x24  
  109  14:42  Infestor  
  109  14:44  Zergling x4  
  106  14:55  Infestor  
  106  14:56  Zergling x2  
  106  14:57  Zergling x12  
  109  15:01  Zergling x2  
  109  15:07  Zergling x6  
  109  15:14  Infestor  
  112  15:18  Zergling x4  
  105  15:30  Infestor  
  105  15:34  Zergling x4  
  105  15:35  Zergling x6  
  101  15:47  Zergling x8  
  102  15:58  Hatchery  
  94  16:10  Zergling x12  
  97  16:20  Zergling x2  
  29  18:07  Hatchery  
  20  18:50  Hatchery  
Show
View Real Time Build Order
Export as new Build Order

Khumbu Zerg 

Build Orders: Hatch First 

Get SALT Encoding   

  12  0:01  Drone  
  13  0:08  Drone  
  14  0:15  Extractor  
  14  0:16  Drone  
  15  0:22  Overlord  
  15  0:40  Drone x2  
  17  0:54  Hatchery  
  16  0:59  Drone  
  16  1:00  Extractor  
  16  1:02  Drone  
  17  1:18  Spawning Pool  
  16  1:23  Drone  
  16  1:24  Drone  
  18  1:29  Drone  
  19  1:40  Overlord  
  19  1:49  Drone  
  20  2:05  Metabolic Boost  
  20  2:06  Queen  
  20  2:08  Queen  
  22  2:10  Drone  
  22  2:13  Drone  
  26  2:16  Drone  
  27  2:24  Drone x2  
  29  2:34  Drone x2  
  31  2:48  Overlord  
  31  2:50  Drone x2  
  33  3:04  Queen  
  35  3:06  Queen  
  37  3:24  Zergling x6  
  37  3:25  Zergling x8  
  44  3:27  Overlord  
  44  3:36  Overlord  
  44  3:40  Hatchery  
  43  3:44  Baneling Nest  
  42  3:54  Drone x6  
  42  3:55  Drone x2  
  50  3:59  Queen  
  50  4:01  Drone  
  50  4:38  Baneling  
  50  4:44  Overlord x2  
  50  4:48  Roach Warren  
  50  4:49  Drone x10  
  59  5:00  Lair  
  59  5:05  Extractor  
  59  5:06  Extractor  
  57  5:07  Extractor  
  56  5:16  Drone x2  
  56  5:17  Drone x8  
  66  5:30  Baneling  
  66  5:31  Baneling  
  66  5:42  Extractor x2  
  65  5:43  Overlord x4  
  64  5:51  Drone  
  64  5:52  Drone x2  
  64  5:53  Drone x5  
  64  5:54  Drone  
  73  6:02  Spire  
  71  6:25  Overlord x3  
  71  6:26  Overlord x3  
  71  6:33  Hatchery  
  70  6:49  Baneling  
  70  6:54  Baneling  
  70  7:16  Mutalisk x5  
  70  7:17  Mutalisk x9  
  98  7:23  Spore Crawler  
  98  7:25  Spore Crawler  
  98  7:26  Spore Crawler  
  90  7:39  Mutalisk x2  
  90  7:40  Mutalisk x2  
  91  7:48  Drone x16  
  91  7:49  Drone x2  
  109  7:53  Zerg Flyer Weapons Level 1  
  107  7:59  Mutalisk  
  107  8:00  Mutalisk  
  111  8:07  Spore Crawler  
  111  8:08  Spore Crawler  
  111  8:11  Spore Crawler  
  108  8:13  Spore Crawler  
  108  8:17  Spire  
  106  8:20  Spore Crawler  
  106  8:23  Extractor  
  106  8:24  Extractor  
  103  8:27  Spore Crawler, Baneling x4  
  103  8:29  Drone x5  
  103  8:30  Drone x3  
  103  8:31  Drone x2  
  103  8:32  Drone x4  
  116  8:58  Mutalisk  
  116  8:59  Mutalisk x5  
  126  9:08  Spore Crawler  
  121  9:10  Hatchery  
  121  9:15  Zergling x16  
  121  9:16  Zergling x8  
  132  9:24  Drone  
  132  9:25  Drone x2, Spine Crawler  
  132  9:26  Drone  
  132  9:27  Drone x2  
  137  9:35  Spine Crawler  
  136  9:51  Zerg Flyer Armor Level 1  
  136  9:52  Zerg Flyer Weapons Level 2  
  135  9:58  Mutalisk  
  135  9:59  Mutalisk x4  
  133  10:04  Hatchery  
  129  10:17  Drone x7  
  136  10:23  Drone x2  
  136  10:24  Drone x5  
  143  10:44  Mutalisk x7  
  143  10:45  Mutalisk x6  
  143  10:47  Overlord x3  
  148  11:01  Baneling x5  
  148  11:02  Baneling x5  
  133  11:37  Mutalisk x6  
  133  11:38  Mutalisk x5  
  151  12:00  Infestation Pit  
  150  12:01  Hatchery  
  150  12:04  Hatchery, Mutalisk  
  150  12:05  Mutalisk x4  
  142  12:22  Queen  
  144  12:29  Mutalisk x4  
  144  12:31  Zergling x26  
  160  12:47  Zerg Flyer Armor Level 2  
  157  13:11  Zergling x2  
  157  13:12  Zergling x38  
  171  13:19  Baneling x5  
  169  13:22  Drone  
  169  13:24  Queen  
  158  13:44  Queen  
  149  14:02  Spine Crawler  
  145  14:06  Zergling x6  
  145  14:07  Zergling x18  
  135  14:25  Mutalisk x4  
  135  14:27  Overseer  
  135  14:29  Queen  
  137  14:51  Spine Crawler  
  135  14:58  Queen  
  127  15:05  Spine Crawler, Queen  
  128  15:07  Spine Crawler  
  128  15:11  Spine Crawler  
  128  15:12  Spine Crawler  
  128  15:14  Drone x12  
  126  15:15  Drone, Spine Crawler  
  115  15:42  Zergling x2  
  113  15:43  Zergling x12  
  100  16:07  Mutalisk  
  99  16:15  Zergling x2  
  99  16:16  Zergling x6  
  93  16:34  Spine Crawler  
  93  16:37  Baneling x4  
  82  17:02  Mutalisk  
  82  17:03  Mutalisk  
  83  17:22  Spire  
  65  18:20  Extractor  
  64  18:28  Hatchery  
  63  18:54  Drone  
Show
View Real Time Build Order
Export as new Build Order

ImSoLewd Zerg 

Build Orders:  

Get SALT Encoding   

Show
View Real Time Build Order
Export as new Build Order

Schiehallion Zerg 

Build Orders:  

Get SALT Encoding   

Tags
 
Add a new tag
Caveats
  • Supply blocks, unpowered buildings, or Contaminate may cause inaccurate times.
  • Supply counts are checked every 10 seconds.